 Dungeon Crawl Stone Soup version 0.29.1-4-g47bece8355 (webtiles) character file.

Game seed: 9174347938691317614

37 ChadusMaximus the Caller (level 3, -7/24 HPs)
             Began as a Human Summoner on Dec 6, 2022.
             Mangled by Terence
             ... wielding a +0 hand axe
              (8 damage)
             ... on level 2 of the Dungeon.
             The game lasted 00:04:09 (2621 turns).

ChadusMaximus the Caller (Human Summoner)           Turns: 2621, Time: 00:04:09

Health: -7/24      AC:  3    Str:  8    XL:     3   Next: 60%
Magic:  1/6        EV: 13    Int: 17    God:
Gold:   127        SH:  0    Dex: 19    Spells: 0/6 levels left

rFire   . . .      SeeInvis .   f - +0 short sword
rCold   . . .      Faith    .   (no shield)
rNeg    . . .      Spirit   .   a - +0 robe
rPois   .          Reflect  .   (no helmet)
rElec   .          Harm     .   i - +0 cloak
rCorr   .          Rampage  .   (no gloves)
Will    .....                   (no boots)
Stlth   ++........              (no amulet)
HPRegen 0.08/turn               g - +6 ring of dexterity
MPRegen 0.10/turn               (no ring)

@: no status effects
A: no striking features
a: no special abilities


You were on level 2 of the Dungeon.
You visited 1 branch of the dungeon, and saw 2 of its levels.

You collected 127 gold pieces.

Inventory:

Hand Weapons
 f - a +0 short sword (weapon)
Armour
 a - a +0 robe (worn)
 i - a +0 cloak (worn)
 j - a +0 buckler
Jewellery
 g - a +6 ring of dexterity (left hand)
 m - a ring of protection from cold
Wands
 l - a wand of flame (6)
Scrolls
 e - 2 scrolls of identify {unknown}
Potions
 b - a potion of magic
 c - a potion of invisibility {unknown}
 d - 3 potions of curing {unknown}
 h - 2 potions of heal wounds {unknown}
 k - 2 potions of brilliance {unknown}
 n - a potion of ambrosia {unknown}


   Skills:
 - Level 2.3 Dodging
 - Level 2.4 Stealth
 + Level 2.4 Spellcasting
 * Level 4.4 Summonings


You couldn't memorise any spells.
You knew the following spells:

 Your Spells              Type           Power      Damage    Failure   Level
a - Summon Small Mammal   Summ           68%        N/A       3%          1
b - Call Canine Familiar  Summ           17%        N/A       9%          3
c - Call Imp              Summ           17%        N/A       4%          2

Your spell library contained the following spells:

 Spells                   Type           Power      Damage    Failure   Level
 Summon Guardian Golem    Hex/Summ       9%         N/A       22%         3
 Blink                    Tloc           4%         N/A       28%         2
 Summon Lightning Spire   Summ/Air       9%         N/A       58%         4
 Manifold Assault         Tloc           2%         N/A       99%         5
 Storm Form               Tmut/Air       1%         N/A       100%        7


Dungeon Overview and Level Annotations

Branches:
Dungeon (2/15)

Altars:

Annotations:
D:2 Terence


Message History

Your hound disappears in a puff of smoke!
Things that are here:
a +0 dagger; a goblin corpse You now have 127 gold pieces (gained 5).
Found a dagger.
No target in view!
Terence the Incautious comes into view.
He is wielding a +0 hand axe and wearing a +3 chain mail of poison resistance.
Terence is nearby!
The helpless Terence fails to defend himself.
You hit Terence but do no damage. Terence hits you with a +0 hand axe.
You barely miss Terence. Terence hits you with a +0 hand axe.
Casting: Call Canine Familiar (quite dangerous; 9% risk of failure)
Confirm with . or Enter, or press ? or * to list all spells.
The spell is quite dangerous to miscast (9% risk of failure)!
Continue anyway? [Y]es or [N]o only, please.
The spell is quite dangerous to miscast (9% risk of failure)!
Continue anyway?
Uppercase [Y]es or [N]o only, please.
The spell is quite dangerous to miscast (9% risk of failure)!
Continue anyway?
Terence hits you with a +0 hand axe. Terence attacks as you move away!
Terence hits you with a +0 hand axe.
Your hound bites Terence.
You swap places.
Your hound bites Terence but does no damage.
Terence hits you with a +0 hand axe.
* * * LOW HITPOINT WARNING * * *
Terence hits your hound but does no damage.
Your hound bites Terence.
Your hound bites Terence but does no damage.
Casting: Call Canine Familiar (quite dangerous; 9% risk of failure)
Confirm with . or Enter, or press ? or * to list all spells.
Your hound bites Terence but does no damage.
Terence hits you with a +0 hand axe.
* * * LOW HITPOINT WARNING * * *
Terence completely misses your hound.
Terence hits your quokka with a +0 hand axe.
Your hound bites Terence but does no damage.
Casting: Summon Small Mammal (safe; 3% risk of failure)
Confirm with . or Enter, or press ? or * to list all spells.
Your hound bites Terence.
Terence hits you with a +0 hand axe!
You die...

#.# #.# #.# ####
##.##### #.. .#
#......# #.# .#
#..###.######r###.#
##...............#.#
.....##)######.#@#.#
##......# #.#@#.#
#.....### #.#h#.#
##...## #..r..#
##.## ###.### #.#
#.# #.# #.# #+# #..
#..


You could see Terence (ally target), a friendly hound (summoned) and 2 friendly
quokkas.

Vanquished Creatures
  An endoplasm (D:1)
  A hobgoblin (D:2)
  A kobold (D:2)
  A ball python (D:2)
  3 bats
  A frilled lizard (D:2)
  A goblin (D:2)
9 creatures vanquished.

Vanquished Creatures (collateral kills)
  A dart slug (D:1)
  A ball python (D:1)
  5 endoplasms (D:1)
  2 giant cockroaches (D:1)
  5 jackals
  2 quokkas
  A frilled lizard (D:2)
  2 kobolds (D:1)
  2 rats (D:1)
21 creatures vanquished.

Grand Total: 30 creatures vanquished

Notes
Turn   | Place    | Note
-------+----------+-------------------------------------------
     0 | D:1      | ChadusMaximus the Human Summoner began the quest for the
                  | Orb.
     0 | D:1      | Reached XP level 1. HP: 13/13 MP: 3/3
   358 | D:1      | Reached XP level 2. HP: 19/19 MP: 1/5
   546 | D:1      | Found a faded altar of an unknown god.
  1375 | D:1      | Reached XP level 3. HP: 23/24 MP: 6/6
  2269 | D:2      | Learned a level 3 spell: Call Canine Familiar
  2272 | D:2      | Learned a level 2 spell: Call Imp
  2611 | D:2      | Noticed Terence
  2619 | D:2      | HP: 1/24 [Terence/+0 hand axe (6)]
  2621 | D:2      | Mangled by Terence

Illustrated notes

Levels and vault maps discovered:
D:1:      dpeg_cavernosity, layout_basic, chequers_ecumenical_altar_island
D:2:      layout_loops_corners, uniq_terence

Action                   || total
-------------------------++-------
Melee: Short sword       ||    39
       Unarmed           ||     6
 Cast: Summon Small Mamm ||    64
       Call Canine Famil ||     3
       Call Imp          ||     1
 Stab: Sleeping          ||     5
Armor: Robe              ||    18
Dodge: Dodged            ||    49
